 Dungeon Crawl Stone Soup version 0.31-a0-355-g57cb03d3e8 (webtiles) character file.

Game seed: 3647923003230750890

40 Newt the Trooper (level 3, 0/30 HPs)
             Began as a Demonspawn Gladiator on July 24, 2023.
             Slain by a gnoll
             ... wielding a +0 halberd
              (6 damage)
             ... on level 3 of the Dungeon.
             The game lasted 00:01:55 (1439 turns).

Newt the Trooper (Demonspawn Gladiator)             Turns: 1439, Time: 00:01:56

Health: 0/30       AC:  4    Str: 16    XL:     3   Next: 30%
Magic:  3/3        EV:  6    Int:  9    God:
Gold:   87         SH:  0    Dex: 14    Spells: 0/2 levels left

rFire   . . .        f - +4 dagger
rCold   . . .        (no shield)
rNeg    . . .        b - +0 leather armour
rPois   .            c - +0 helmet
rElec   .            (no cloak)
rCorr   .            (no gloves)
SInv    .            (no boots)
Will    .....        (no amulet)
Stlth   +            (no ring)
HPRegen 0.25/turn    (no ring)
MPRegen 0.08/turn

%: no passive effects
@: held
A: hooves 1
a: no special abilities


You were on level 3 of the Dungeon.
You visited 1 branch of the dungeon, and saw 3 of its levels.

You collected 87 gold pieces.

Inventory:

Hand Weapons
 a - a +0 rapier
 f - a +4 dagger (weapon)
Missiles
 d - 3 throwing nets (quivered)
 e - 6 javelins
 h - 4 poisoned darts
Armour
 b - a +0 leather armour (worn)
 c - a +0 helmet (worn)
Scrolls
 n - a scroll of blinking
Potions
 g - a potion of curing
 i - a potion of degeneration {unknown}
 j - a potion of invisibility {unknown}
 k - a potion of ambrosia {unknown}
 l - a potion of haste {unknown}
 m - a potion of brilliance {unknown}


   Skills:
 + Level 3.8 Fighting
 - Level 2.6 Short Blades
 - Level 1.7 Throwing
 - Level 2.6 Dodging


You couldn't memorise any spells.
You knew the following spells:

 Your Spells              Type           Power      Damage    Failure   Level
a - Wereblood             Tmut           0%         N/A       58%         2

Your spell library contained the following spells:

 Spells                   Type           Power      Damage    Failure   Level
 Sublimation of Blood     Necr           0%         N/A       58%         2
 Call Canine Familiar     Summ           0%         N/A       83%         3
 Portal Projectile        Hex/Tloc       0%         N/A       83%         3
 Leda's Liquefaction      Hex/Erth       0%         N/A       99%         4
 Olgreb's Toxic Radiance  Pois           0%         N/A       99%         4
 Summon Hydra             Summ           0%         N/A       100%        7
 Discord                  Hex            0%         N/A       100%        8
 Ignition                 Fire           0%         3d3       100%        8


Dungeon Overview and Level Annotations

Branches:
Dungeon (3/15)

Altars:
Hepliaklqana


Innate Abilities, Weirdness & Mutations

You have large cloven feet.


Message History

Search for what [Enter for "."]? .
(D) Dungeon
Where to? (Enter - D:2, ? - help)
There is a stone staircase leading down here.
You climb downwards.
There is a stone staircase leading up here.
You climb upwards.
There is a stone staircase leading down here.
Search for what [Enter for "."]?
Items here: ( )) [.
h - 4 poisoned darts
(D) Dungeon
Where to? (Enter - D:2 @ (x,y), ? - help)
There is a stone staircase leading down here.
You climb downwards.
The gnoll shouts!
You hear a shout! x2
Found two stone staircases leading down.
There is a stone staircase leading up here.
A gnoll is nearby!
A gnoll is nearby!
A gnoll is nearby!
A gnoll is nearby!
No reachable target in view!
A gnoll comes into view. It is wielding a +0 whip.
The gnoll hits the plant with a +0 halberd.
The plant begins to die.
A gnoll comes into view. It is wielding a +0 halberd.
A nearby plant withers and dies.
Something hits the plant!
The plant begins to die.
The gnoll throws a throwing net.
The throwing net hits you.
You become entangled in the net!
You struggle against the net.
You struggle against the net.
The gnoll hits you from afar with a +0 halberd!
You struggle against the net.
A nearby plant withers and dies.
The gnoll hits you with a +0 whip.
The gnoll hits you from afar with a +0 halberd!
* * * LOW HITPOINT WARNING * * *
The gnoll hits you from afar with a +0 halberd.
You die...

... .#. ..
.. ..##.###
#......#
#......###
.........
#......##
#@g.....>
#......##
gg.....#
....>...#
..#.....##
.P.#.....#
....#.#####
.P.P ..#


You could see 3 gnolls.

Vanquished Creatures
  2 dart slugs (D:1)
  2 ball pythons
  An endoplasm (D:2)
  5 goblins
  4 hobgoblins
  3 jackals (D:2)
  2 kobolds (D:1)
  A quokka (D:1)
  4 bats
  2 frilled lizards (D:1)
  6 rats
32 creatures vanquished.

Notes
Turn   | Place    | Note
-------+----------+-------------------------------------------
     0 | D:1      | Newt the Demonspawn Gladiator began the quest for the Orb.
     0 | D:1      | Reached XP level 1. HP: 16/16 MP: 1/1
   132 | D:1      | Gained mutation: You have large cloven feet. [demonic
                  | ancestry]
   132 | D:1      | Reached XP level 2. HP: 21/23 MP: 2/2
   168 | D:1      | Reached skill level 3 in Fighting
   819 | D:2      | Reached XP level 3. HP: 29/29 MP: 3/3
  1019 | D:2      | Learned a level 2 spell: Wereblood
  1132 | D:2      | Found a hazy altar of Hepliaklqana.
  1227 | D:2      | Found a faded altar of an unknown god.
  1439 | D:3      | Slain by a gnoll

Illustrated notes

Levels and vault maps discovered:
D:1:      lemuel_arrival_hallway, layout_loops_ring
D:2:      layout_loops_ring, dreamdust_ecumenical_altar_statues, basic_altar,
          minmay_misc_feat_five
D:3:      layout_rooms, zin_angel, nicolae_qazlal_eye_of_the_storm,
          nicolae_grassy_gnolls

Skill      XL: |  1  2 |
---------------+-------+-----
Fighting       | 3 |  3.8
Short Blades   | |  2.6
Throwing       | |  1.7
Dodging        | |  2.6

Action                     || total
---------------------------++-------
  Melee: Rapier            ||    14
         Dagger            ||    69
         Punch             ||     1
         Kick              ||    13
    Use: Scroll            ||     3
 Armour: Leather armour    ||    18
  Dodge: Dodged            ||    47

Table legend: (Time is in decaauts)
 A = Elapsed time spent in this place.
 B = Non-inter-level travel time spent in this place.
 C = Inter-level travel time spent in this place.
 D = Time resting spent in this place.
 E = Time spent auto-exploring this place.
 F = Levels seen in this place.
 G = Mean time per level.
                   A        B        C        D        E       F      G
               +--------+--------+--------+--------+--------+-----+--------+
         Total |   1430 |   1351 |     79 |      0 |   1135 |   3 |  476.7 |
       Dungeon |   1430 |   1351 |     79 |      0 |   1135 |   3 |  476.7 |
               +--------+--------+--------+--------+--------+-----+--------+

Top non-repeatable levels by time:
     D:2: 754 daAuts
     D:1: 664 daAuts
     D:3: 11 daAuts
